 Dungeon Crawl Stone Soup version 0.28.0-53-g5a82cb258f (webtiles) character file.

Game seed: 1233569236579426282

31829 issech the Protected (level 13, 0/101 HPs)
             Began as a Minotaur Monk on May 27, 2022.
             Was a High Priest of Hepliaklqana.
             Killed by divine providence
             ... invoked by a meliai
              (12 damage)
             ... on level 14 of the Dungeon.
             The game lasted 01:22:12 (18350 turns).

issech the Protected (Minotaur Monk)               Turns: 18350, Time: 01:22:13

Health: 0/101      AC: 25    Str: 15    XL:     13   Next: 28%
Magic:  12/12      EV: 13    Int:  7    God:    Hepliaklqana [*****.]
Gold:   1283       SH:  5    Dex: 28    Spells: 13/13 levels left

rFire   + . .      SeeInvis .   t - +9 long sword (vorpal)
rCold   + . .      Faith    .   (no shield)
rNeg    . . .      Spirit   .   l - +1 plate armour
rPois   .          Reflect  +   T - +2 hat {Will+}
rElec   .          Harm     .   U - scarf {rC+ rF+}
rCorr   .          Rampage  .   R - +2 pair of gloves {Dex+3}
Will    +....                   n - +2 pair of boots
Stlth   ..........              B - amulet of reflection
HPRegen 0.26/turn               L - +6 ring of dexterity
MPRegen 0.13/turn               K - +4 ring of evasion

@: mighty
A: reduced essence, horns 2, retaliatory headbutt
a: Renounce Religion, Recall Ancestor, Ancestor Identity, Transference, Idealise


You were on level 14 of the Dungeon.
You worshipped Hepliaklqana.
Hepliaklqana was extremely pleased with you.
You visited 2 branches of the dungeon, and saw 15 of its levels.
You also visited: Ossuary.

You collected 1619 gold pieces.
You spent 336 gold pieces at shops.

Inventory:

Hand Weapons
 a - a +0 longbow
 s - a +2 shortbow of flaming
 t - a +9 vorpal long sword (weapon)
 C - a +0 hand crossbow
Missiles
 f - 120 sling bullets
 p - 102 bolts
 q - 590 stones
 w - 13 curare-tipped darts
 y - 16 poisoned darts
 E - 301 arrows
 H - 3 throwing nets
 M - 13 boomerangs (quivered)
 Y - 9 atropa-tipped darts
Armour
 l - a +1 plate armour (worn)
 m - the +2 pair of boots "Japt" {rElec rPois Str-5 Dex+6}
   (You bought it in a shop on level 1 of the Dungeon)

   Str:       It affects your strength (-5).
   Dex:       It affects your dexterity (+6).
   rElec:     It insulates you from electricity.
   rPois:     It protects you from poison.
 n - a +2 pair of boots (worn)
 R - a +2 pair of gloves of dexterity (worn)
 T - a +2 hat of willpower (worn)
 U - a scarf of resistance (worn)
Magical Staves
 I - a staff of poison
Jewellery
 k - a ring of protection from fire
 x - a ring of protection from cold
 B - an amulet of reflection (around neck)
 F - a +4 ring of evasion
 K - a +4 ring of evasion (right hand)
 L - a +6 ring of dexterity (left hand)
 P - the ring "Efiss" {MP+9 Dex+2}
   (You found it on level 5 of the Dungeon)

   [ring of magical power]

   Dex:       It affects your dexterity (+2).
   MP:        It affects your magic capacity (+9).
Wands
 u - a wand of acid (6)
 A - a wand of digging (5)
 O - a wand of iceblast (9)
 Q - a wand of flame (49)
 S - a wand of polymorph (21)
 V - a wand of mindburst (13)
 W - a wand of charming (14)
 Z - a wand of paralysis (3)
Scrolls
 d - 4 scrolls of teleportation
 e - 2 scrolls of amnesia
 h - a scroll of brand weapon
 r - a scroll of blinking
 z - a scroll of magic mapping
 G - 2 scrolls of holy word
 J - a scroll of fear
 X - 2 scrolls of silence
Potions
 b - 3 potions of flight
 c - 3 potions of ambrosia
 g - 3 potions of might
 j - 5 potions of heal wounds {unknown}
 o - 4 potions of attraction {unknown}
 v - 7 potions of curing {unknown}
 D - a potion of resistance
 N - 2 potions of brilliance
Miscellaneous
 i - a phial of floods


   Skills:
 + Level 10.2 Fighting
 + Level 1.2(6.1) Short Blades
 + Level 10.5 Long Blades
 + Level 6.4(10.1) Axes
 + Level 6.6(8.0) Maces & Flails
 + Level 10.0(10.9) Polearms
 + Level 1.3(7.8) Staves
 + Level 1.2(2.0) Slings
 + Level 2.7 Bows
 + Level 1.3 Crossbows
 + Level 2.3(2.4) Throwing
 + Level 11.8 Armour
 + Level 7.2 Dodging
 + Level 5.6 Stealth
 + Level 6.9 Shields
 + Level 1.2 Unarmed Combat
 + Level 0.6 Spellcasting
 + Level 0.7 Conjurations
 + Level 0.6 Hexes
 + Level 0.7 Summonings
 + Level 0.7 Necromancy
 + Level 0.7 Translocations
 + Level 0.8 Transmutations
 + Level 0.7 Fire Magic
 + Level 0.7 Ice Magic
 + Level 0.7 Air Magic
 + Level 0.8 Earth Magic
 + Level 0.7 Poison Magic
 + Level 1.1 Invocations
 + Level 1.6 Evocations


You had 13 spell levels left.
You didn't know any spells.
Your spell library contained the following spells:

 Spells                   Type           Power      Damage    Failure   Level
 Freeze                   Ice            4%         1d3       100%        1
 Ensorcelled Hibernation  Hex/Ice        2%         N/A       100%        2
 Passwall                 Tmut/Erth      0%         N/A       100%        2
 Frozen Ramparts          Ice            2%         1d2       100%        3
 Summon Guardian Golem    Hex/Summ       1%         N/A       100%        3
 Swiftness                Air            1%         N/A       100%        3
 Tukima's Dance           Hex            1%         N/A       100%        3
 Anguish                  Hex/Necr       0%         N/A       100%        4
 Animate Dead             Necr           0%         N/A       100%        4
 Hailstorm                Conj/Ice       1%         3d3       100%        4
 Iskenderun's Battlesphe  Conj           1%         2d6       100%        5
 Iron Shot                Conj/Erth      0%         9d1       100%        6
 Enfeeble                 Hex            0%         N/A       100%        7
 Haunt                    Necr/Summ      0%         N/A       100%        7
 Spellforged Servitor     Conj/Summ      0%         N/A       100%        7
 Infestation              Necr           0%         N/A       100%        8
 Chain Lightning          Conj/Air       0%         2d1       100%        9


Dungeon Overview and Level Annotations

Branches:
Dungeon (14/15)            Temple (1/1) D:5            Lair (0/6) D:9
    Orc (0/2) D:10         Vaults (0/5) D:13        Ossuary (visited)

Altars:
Ashenzari
Cheibriados
Dithmenos
Elyvilon
Fedhas
Gozag
Hepliaklqana
Kikubaaqudgha
Makhleb
Nemelex Xobeh
Okawaru
Qazlal
Ru
Sif Muna
Trog
Uskayaw
Vehumet
Wu Jian
Xom
Yredelemnul
Zin
The Shining One
Beogh
Lugonu

Shops:
D:1 ([:*[   D:5 [   D:8 *   D:12 (


Innate Abilities, Weirdness & Mutations

Your life essence is reduced to manifest your ancestor. (-10% HP)
You have a pair of horns on your head.
You reflexively headbutt those who attack you in melee.


Message History

The ten-headed hydra bites you but does no damage.
The ten-headed hydra bites you.
The ten-headed hydra closely misses you. x2
A meliai comes into view.
It is wielding a +2 hand axe of draining.
A meliai comes into view. It is wielding a +0 war axe.
The meliai buzzes angrily.
The ten-headed hydra bites you but does no damage.
The ten-headed hydra bites you. The ten-headed hydra barely misses you.
The ten-headed hydra bites you! x2
The ten-headed hydra bites you but does no damage. x4
The ten-headed hydra misses you. The ten-headed hydra barely misses you.
The ten-headed hydra bites you!
* * * LOW HITPOINT WARNING * * *
The ten-headed hydra bites you!
* * * LOW HITPOINT WARNING * * *
The ten-headed hydra closely misses you.
The ten-headed hydra barely misses you.
The ten-headed hydra bites you but does no damage. x2
The ten-headed hydra misses you.
The ten-headed hydra bites you but does no damage.
The ten-headed hydra bites you.
* * * LOW HITPOINT WARNING * * *
A meliai comes into view. It is wielding a +0 war axe.
You feel very mighty all of a sudden.
The meliai buzzes angrily.
The ten-headed hydra misses you.
The ten-headed hydra closely misses you.
The ten-headed hydra bites you.
* * * LOW HITPOINT WARNING * * *
The ten-headed hydra misses you.
The ten-headed hydra bites you but does no damage. x3
The ten-headed hydra closely misses you.
The ten-headed hydra barely misses you.
The ten-headed hydra bites you but does no damage.
You lop one of the ten-headed hydra's heads off!
The nine-headed hydra grows two more!
You slash the 11-headed hydra!
The 11-headed hydra is heavily wounded.
The meliai invokes the aid of its god against you.
Something smites you!
You die...

####...#########...............##
.................................
##########.......................
#..###############.#####
########..................#####
.....>.........................
#................>.............
#.............#############....
..........y..D@................
.............y.................
........)###############.......
.........###############.......
...............................
...............................
...............................
########.######################
#.# #


You could see a 11-headed hydra and 2 meliai.

Vanquished Creatures
  Harold (D:8)
  4 centaur warriors
  A dancing weapon (D:13)
  2 two-headed ogres
  An orc knight (D:9)
  A wizard (D:14)
  2 ugly things
  A manticore (D:13)
  A cyclops (D:11)
  2 kobold demonologists
  A freezing wraith (D:13)
  2 trolls
  A hornet (D:11)
  11 yaks
  2 wyverns (D:9)
  Sigmund (D:2)
  2 vampire mosquitoes (D:11)
  2 water moccasins
  A hell hound (D:14)
  2 ice beasts (D:6)
  An orc warrior (D:11)
  2 sky beasts (D:6)
  An ogre (D:5)
  3 centaurs
  A phantom (D:6)
  2 kobold brigands
  2 bullfrogs
  A gnoll sergeant (D:7)
  A wyvern zombie (D:6)
  3 scorpions
  4 killer bees
  7 wights
  3 centaur zombies
  2 human zombies (Ossuary)
  2 orc priests
  A gnoll shaman (D:6)
  A jelly (D:4)
  A bullfrog skeleton (D:3)
  4 scorpion zombies (Ossuary)
  4 iguanas
  3 orc wizards
  A killer bee zombie (D:9)
  A hound skeleton (D:4)
  A howler monkey zombie (D:9)
  6 gnolls
  4 adders
  A howler monkey skeleton (D:5)
  An adder skeleton (D:4)
  2 worms (D:3)
  3 dart slugs
  25 orcs
  6 bats
  7 endoplasms
  6 giant cockroaches
  9 hobgoblins
  6 jackals (D:1)
  7 quokkas
  5 ball pythons
  17 frilled lizards
  5 goblins
  A goblin zombie (Ossuary)
  4 hobgoblin zombies (Ossuary)
  12 kobolds
  A kobold zombie (Ossuary)
  An orc zombie (Ossuary)
  6 rats
228 creatures vanquished.

Vanquished Creatures (collateral kills)
  Gastronok (D:8)
  A catoblepas (D:13)
  A centaur warrior (D:14)
  3 two-headed ogres
  A dancing weapon (D:13)
  A manticore (D:11)
  A cyclops (D:12)
  A centaur zombie (D:10)
  A troll (D:13)
  7 yaks
  A shadow (D:11)
  A wyvern (D:7)
  2 vampires
  Grum (D:8)
  A vampire mosquito (D:11)
  4 water moccasins
  2 hell hounds (D:14)
  An acid dragon (D:8)
  A sky beast (D:7)
  4 orc warriors
  2 ice beasts (D:7)
  2 wolves (D:8)
  A centaur (D:14)
  2 bullfrogs
  5 scorpions (Ossuary)
  7 killer bees (D:9)
  A howler monkey (D:7)
  8 wights
  A human zombie (Ossuary)
  An orc priest (D:10)
  A jelly (D:7)
  2 orc wizards
  5 scorpion zombies (Ossuary)
  A killer bee zombie (D:7)
  3 mummies (Ossuary)
  A howler monkey zombie (D:9)
  5 gnolls (D:7)
  14 orcs
  A hobgoblin zombie (Ossuary)
  4 kobolds (D:8)
  2 kobold zombies (Ossuary)
105 creatures vanquished.

Vanquished Creatures (others)
  5 battlemagi
  A bush (D:9)
  A fungus (D:9)
  8 plants
15 creatures vanquished.

Grand Total: 348 creatures vanquished

Notes
Turn   | Place    | Note
-------+----------+-------------------------------------------
     0 | D:1      | issech the Minotaur Monk began the quest for the Orb.
     0 | D:1      | Reached XP level 1. HP: 19/19 MP: 0/0
    49 | D:1      | Reached XP level 2. HP: 20/27 MP: 1/1
    65 | D:1      | Found Kesuvopn's Book Shop.
   373 | D:1      | Found Qodi's Antique Armour Boutique.
   436 | D:1      | Found Lucwoo's Antique Weapon Emporium.
   619 | D:1      | Reached XP level 3. HP: 33/33 MP: 2/2
   764 | D:1      | Found Niujurea's General Store.
   824 | D:1      | Found Pycaom's Armour Boutique.
  1559 | D:2      | Found an ancient bone altar of Kikubaaqudgha.
  1560 | D:2      | Noticed Sigmund
  1663 | D:3      | Found a shadowy altar of Dithmenos.
  1737 | D:3      | Reached XP level 4. HP: 16/41 MP: 3/3
  2230 | D:3      | Found an opulent altar of Gozag.
  2274 | D:3      | Reached skill level 5 in Axes
  2429 | D:3      | Found an iron altar of Okawaru.
  2684 | D:3      | Reached XP level 5. HP: 47/47 MP: 4/4
  2880 | D:4      | Got the Collected Works on Supportive Air
  3020 | D:4      | Found a sacrificial altar of Ru.
  3084 | D:4      | Found a snail-covered altar of Cheibriados.
  3309 | D:4      | Found a glowing silver altar of Zin.
  3320 | D:4      | Found a basalt altar of Yredelemnul.
  3329 | D:4      | Found an ornate altar of the Wu Jian Council.
  4067 | D:2      | Killed Sigmund
  4068 | D:2      | Reached skill level 5 in Fighting
  4068 | D:2      | Reached skill level 1 in Maces & Flails
  4068 | D:2      | Reached skill level 1 in Armour
  4068 | D:2      | Reached skill level 1 in Shields
  4068 | D:2      | Reached XP level 6. HP: 5/56 MP: 5/5
  4478 | D:5      | Entered Level 5 of the Dungeon
  4487 | D:5      | Reached skill level 2 in Armour
  4856 | D:5      | Identified the ring "Efiss" {MP+9 Dex+2}
  5089 | D:6      | Noticed a sky beast
  5269 | D:5      | Reached skill level 1 in Polearms
  5289 | D:5      | Found a staircase to the Ecumenical Temple.
  5293 | Temple   | Entered the Ecumenical Temple
  5588 | D:5      | Noticed a water moccasin
  5594 | D:5      | Killed a water moccasin
  5595 | D:5      | Reached XP level 7. HP: 51/62 MP: 6/6
  5671 | D:5      | Reached skill level 3 in Armour
  6036 | D:5      | Found a blossoming altar of Fedhas.
  6274 | D:5      | Found Saveeg's Armour Emporium.
  6393 | D:6      | Reached skill level 4 in Armour
  6536 | D:6      | Reached XP level 8. HP: 67/70 MP: 7/7
  6795 | D:6      | Reached skill level 5 in Polearms
  6984 | D:6      | Found a hazy altar of Hepliaklqana.
  6989 | D:6      | Reached skill level 5 in Armour
  6997 | D:6      | Became a worshipper of Hepliaklqana the Forgotten
  6997 | D:6      | Reached * piety under Hepliaklqana
  6997 | D:6      | Reached ** piety under Hepliaklqana
  6998 | D:6      | Remembered your ancestor Hrodulf as a battlemage
  7353 | D:7      | Found a sand-covered staircase.
  7362 | Ossuary  | Entered an ossuary
  7380 | Ossuary  | Reached skill level 6 in Armour
  7484 | Ossuary  | Reached XP level 9. HP: 62/71 MP: 8/8
  7673 | Ossuary  | Reached skill level 5 in Dodging
  8079 | D:7      | Reached skill level 5 in Maces & Flails
  8589 | D:7      | Reached skill level 7 in Armour
  8859 | D:8      | Reached XP level 10. HP: 69/79 MP: 9/9
  8953 | D:8      | Reached *** piety under Hepliaklqana
  9226 | D:8      | Noticed Grum
  9235 | D:8      | Found Benunanack's Gadget Gallery.
  9238 | D:8      | Killed Grum
  9408 | D:8      | Noticed Harold
  9412 | D:8      | Reached skill level 8 in Armour
  9417 | D:8      | Killed Harold
  9574 | D:8      | Noticed Gastronok
  9588 | D:8      | Killed Gastronok
  9708 | D:8      | Found a burning altar of Makhleb.
  9907 | D:9      | Noticed a two-headed ogre
  9913 | D:9      | Killed a two-headed ogre
  9914 | D:9      | Reached skill level 9 in Armour
 10226 | D:8      | Reached skill level 1 in Short Blades
 10226 | D:8      | Reached skill level 10 in Polearms
 10226 | D:8      | Reached skill level 1 in Staves
 10226 | D:8      | Reached skill level 1 in Slings
 10226 | D:8      | Reached skill level 1 in Bows
 10226 | D:8      | Reached skill level 1 in Crossbows
 10226 | D:8      | Reached skill level 1 in Throwing
 10226 | D:8      | Reached skill level 1 in Unarmed Combat
 10226 | D:8      | Reached skill level 1 in Invocations
 10226 | D:8      | Reached skill level 1 in Evocations
 10226 | D:8      | Reached XP level 11. HP: 83/83 MP: 10/10
 10363 | D:9      | Reached skill level 5 in Shields
 10504 | D:9      | Found a hide-covered altar of Uskayaw.
 10909 | D:9      | Reached XP level 12. HP: 27/92 MP: 11/11
 11259 | D:9      | Reached skill level 5 in Long Blades
 11275 | D:9      | Reached skill level 5 in Stealth
 11313 | D:9      | Found a staircase to the Lair.
 11497 | D:10     | Entered Level 10 of the Dungeon
 11517 | D:10     | Found a staircase to the Orcish Mines.
 12153 | D:10     | Reached **** piety under Hepliaklqana
 12539 | D:1      | Bought a +1 pair of gloves of dexterity for 165 gold pieces
 12586 | D:1      | Bought a pair of shimmering boots for 171 gold pieces
 12586 | D:1      | Identified the +2 pair of boots "Japt" {rElec rPois Str-5
                  | Dex+6} (You bought it in a shop on level 1 of the Dungeon)
 13100 | D:10     | Found a radiant altar of Vehumet.
 13346 | D:10     | Noticed a two-headed ogre
 13352 | D:10     | Killed a two-headed ogre
 13353 | D:10     | Reached skill level 10 in Armour
 13852 | D:11     | Noticed a two-headed ogre
 13857 | D:11     | Killed a two-headed ogre
 13873 | D:11     | Found a stormy altar of Qazlal.
 14400 | D:11     | Identified a scroll of acquirement
 14400 | D:11     | Acquired 791 gold pieces
 14516 | D:11     | Reached ***** piety under Hepliaklqana
 14858 | D:12     | Noticed a boulder beetle
 14866 | D:12     | Found Vofucs's Weapon Shoppe.
 15587 | D:12     | Noticed a two-headed ogre
 15592 | D:12     | Killed a two-headed ogre
 16097 | D:13     | Noticed a centaur warrior
 16102 | D:13     | Killed a centaur warrior
 16176 | D:13     | Reached skill level 11 in Armour
 16354 | D:13     | Reached XP level 13. HP: 35/101 MP: 12/12
 16612 | D:13     | Found a gate to the Vaults.
 17122 | D:13     | Reached skill level 10 in Fighting
 17146 | D:13     | Reached skill level 10 in Long Blades
 18350 | D:14     | Killed from afar by a meliai

Illustrated notes

Levels and vault maps discovered:
D:1:      dpeg_arrival_simpleton_c, layout_loops_cross, serial_shops,
          nicolae_shop_crystal, nicolae_shop_crystal, nicolae_shop_trees,
          shop_fountains, shop, chequers_serial_rivers_micro_a,
          corexii_item_surrounded_by_moat, minmay_lizard_king
D:2:      layout_rooms, basic_altar, uniq_sigmund
D:3:      layout_loops_ring, okawaru_ov_weapons_minmay,
          overflow_temple_1_default, nicolae_dithmenos_the_darkroom
D:4:      layout_cave_pods, grunt_temple_overflow_diamond, cheibriados_altar_1,
          overflow_temple_1_default, hangedman_decor_lopped,
          hangedman_minor_gate_pass
D:5:      layout_layer_cave, mainiacjoe_overflow_24_doors,
          minmay_temple_entry_glassed_door, serial_shops, kennysheep_mini,
          solitary_fountain
D:6:      layout_cave_pools, nicolae_overflow_crystal_walls,
          kennysheep_generic_room_8
D:7:      kennysheep_spiral_hall, layout_basic, chequers_ossuary_entry_cave
D:8:      layout_cave_pools, lightli_temple_of_fire, nicolae_shop_gadgets,
          uniq_harold, uniq_gastronok, uniq_grum
D:9:      layout_gridville, mainiacjoe_overflow_paths, minmay_lair_entry_grove
D:10:     layout_gridville, mainiacjoe_overflow_chevrons, david_orc_5
D:11:     layout_long_grid, abandoned_shop, nicolae_qazlal_scattered_showers
D:12:     layout_loops_cross, serial_shops, nicolae_diamond_shop
D:13:     layout_stronghold, erik_vaults_1
D:14:     layout_long_grid, nicolae_elyvilon_peaceful_grove,
          minmay_rotating_lava
Temple:   corrupted_temple

Skill      XL: |  1  2  3  4  5  6  7  8  9 10 11 12 13 |
---------------+----------------------------------------+-----
Fighting       | 4 5 6 7 8 9 10 | 10.2
Axes           | 4 5 6 |  6.4
Dodging        | 4 5 6 7 |  7.2
Stealth        | 2 4 5 |  5.6
Maces & Flails | 1 2 6 |  6.6
Armour         | 1 2 4 6 7 9 11 | 11.8
Shields        | 1 2 3 4 5 6 |  6.9
Polearms       | 1 4 7 8 10 | 10.0
Long Blades    | 4 9 10 | 10.5
Short Blades   | 1 |  1.2
Staves         | 1 |  1.3
Slings         | 1 |  1.2
Bows           | 1 2 |  2.7
Crossbows      | 1 |  1.3
Throwing       | 1 2 |  2.3
Unarmed Combat | 1 |  1.2
Invocations    | 1 |  1.1
Evocations     | 1 |  1.6
Spellcasting   | |  0.6
Conjurations   | |  0.7
Hexes          | |  0.6
Summonings     | |  0.7
Necromancy     | |  0.7
Translocations | |  0.7
Transmutations | |  0.8
Fire Magic     | |  0.7
Ice Magic      | |  0.7
Air Magic      | |  0.7
Earth Magic    | |  0.8
Poison Magic   | |  0.7

Action                   |  1- 3 |  4- 6 |  7- 9 | 10-12 | 13-15 || total
-------------------------+-------+-------+-------+-------+-------++-------
Melee: Hand axe          |    96 |    79 |       |       |       ||   175
       Headbutt          |    19 |    39 |    32 |    87 |    10 ||   187
       Punch             |     2 |     1 |       |     3 |       ||     6
       Mace              |       |    49 |    70 |       |       ||   119
       Scythe            |       |    25 |   108 |    16 |       ||   149
       Long sword        |       |       |       |   284 |    37 ||   321
 Fire: Shortbow          |       |       |       |    15 |       ||    15
       Longbow           |       |       |       |       |     4 ||     4
Throw: Stone             |       |     5 |       |     3 |       ||     8
       Boomerang         |       |       |       |     5 |    12 ||    17
Invok: Ancestor Life: Ba |       |       |     1 |       |       ||     1
  Use: Scroll            |       |       |    10 |    13 |     4 ||    27
       Potion            |       |       |       |     7 |     1 ||     8
 Stab: Sleeping          |     5 |       |       |       |       ||     5
       Distracted        |       |       |       |    10 |     1 ||    11
       Invisible         |       |       |       |     3 |       ||     3
Armor: Robe              |    10 |     4 |       |       |       ||    14
       Scale mail        |       |    15 |    75 |    69 |       ||   159
       Chain mail        |       |    48 |    28 |       |       ||    76
       Plate armour      |       |       |       |    82 |    68 ||   150
Dodge: Dodged            |    77 |    63 |   104 |   207 |    67 ||   518
Block: Other             |       |    28 |    59 |    88 |    18 ||   193
       Reflection        |       |       |     4 |     1 |     1 ||     6
